 Dungeon Crawl Stone Soup version 0.20-a0-1122-gb7cbeb9 (webtiles) character file.

299 Gorglomux the Sneak (level 6, -1/30 HPs)
             Began as a Vine Stalker Assassin on May 13, 2017.
             Slain by a slave (2 damage)
             ... led by Pikel
             ... on level 3 of the Dungeon.
             The game lasted 00:07:19 (2958 turns).

Gorglomux the Sneak (Vine Stalker Assassin)         Turns: 2958, Time: 00:07:20

Health: -1/30      AC:  4    Str: 14    XL:     6   Next: 36%
Magic:  0/7        EV: 12    Int: 11    God:
Gold:   66         SH:  0    Dex: 19    Spells: 5/5 levels left

rFire    . . .     SeeInvis .   a - +1 short sword (freeze)
rCold    . . .     Gourm    .   (no shield)
rNeg     . . .     Faith    .   c - +0 robe
rPois    .         Spirit   +   (no helmet)
rElec    .         Reflect  .   d - +0 cloak
rCorr    .         Harm     .   (no gloves)
MR       .....                  K - +0 pair of boots
Stlth    ++++......             (no amulet)
Regen    0.5/turn               k - +2 ring of dexterity
MPRegen  0.1/turn               w - ring of flight {+Fly, !d}

@: about to teleport
A: fangs 2, regeneration 1, magic shield, antimagic bite, no potion heal 3, rot
immunity
a: Evoke Flight


You were on level 3 of the Dungeon.
You were not hungry.

You visited 1 branch of the dungeon, and saw 4 of its levels.

You collected 66 gold pieces.

Inventory:

Hand Weapons
 a - a +1 short sword of freezing (weapon)
   (You took it off a kobold on level 1 of the Dungeon)
 b - a +0 blowgun
 t - a +2 dagger
Missiles
 e - 23 poisoned needles
 o - a curare-tipped needle
 u - 64 sling bullets
Armour
 c - a +0 robe (worn)
 d - a +0 cloak (worn)
 K - a +0 pair of boots (worn)
   (You found it on level 3 of the Dungeon)
Jewellery
 k - a +2 ring of dexterity (left hand)
   (You found it on level 1 of the Dungeon)
 w - a ring of flight (right hand) {+Fly, !d}
   (You found it on level 1 of the Dungeon)
 y - an uncursed ring of positive energy {unknown}
   (You found it on level 1 of the Dungeon)
 A - an uncursed ring of stealth {unknown}
   (You found it on level 3 of the Dungeon)
Wands
 f - a wand of random effects (26/48)
   (You took it off Natasha on level 2 of the Dungeon)
 D - a wand of paralysis (15/24)
   (You found it on level 2 of the Dungeon)
 G - a wand of confusion (33/48)
   (You found it on level 3 of the Dungeon)
Scrolls
 j - 2 scrolls of immolation {unknown}
 m - a scroll of amnesia {unknown}
 n - 3 scrolls of identify {unknown}
 s - 3 scrolls of remove curse
 v - a scroll of enchant armour {unknown}
 E - a scroll of blinking {unknown}
 J - a scroll of magic mapping {unknown}
Potions
 h - 3 potions of curing {unknown}
 i - a potion of heal wounds {unknown}
 l - a potion of mutation {unknown}
 p - 2 potions of brilliance {unknown}
 q - a potion of invisibility {unknown}
 x - a potion of berserk rage {unknown}
 z - 2 potions of agility
 C - a potion of resistance {unknown}
 H - a potion of might {unknown}
Comestibles
 g - 2 bread rations {@e1@e1}
 r - 3 meat rations {@e2@e2}
 F - a royal jelly


   Skills:
 - Level 1.7 Fighting
 + Level 4.5 Short Blades
 - Level 1.7 Throwing
 - Level 0.7 Dodging
 + Level 7.2 Stealth


You had 5 spell levels left.
You didn't know any spells.

Dungeon Overview and Level Annotations

Branches:
Dungeon (4/15)
 Temple: D:4-7

Altars:
Elyvilon

Annotations:
D:3 Pikel


Innate Abilities, Weirdness & Mutations

You have extremely sharp teeth.
Your natural rate of healing is unusually fast.
When hurt, damage is shared between your health and your magic reserves.
Your bite disrupts and absorbs the magic of your enemies.
Potions cannot restore your health.
You are immune to rotting.


Message History

You hit the slave. You freeze the slave. The slave barely misses you.
You hit the slave but do no damage. You bite the slave. You drain its power.
You kill the slave!
That felt strangely unrewarding.
You hit the slave but do no damage. The slave closely misses you.
You hit the slave. You freeze the slave. Your bite misses the slave.
The slave hits you.
You take 5 damage, and have 21/30 hp.
You now have 6/7 mp.
You hit the slave. You freeze the slave. The slave hits you.
You take 3 damage, and have 18/30 hp.
You are too injured to fight recklessly!
You hit the slave. You freeze the slave. You barely miss the slave.
The slave barely misses you.
You hit the slave. You freeze the slave. Your bite misses the slave.
The slave hits you.
You completely miss the slave. Your bite misses the slave.
The slave barely misses you.
You barely miss the slave. You bite the slave, but do no damage.
The slave hits you.
You take 1 damage, and have 18/30 hp.
You now have 5/7 mp.
You barely miss the slave. Your bite misses the slave.
The slave hits you but does no damage.
You miss the slave. Your bite misses the slave. The slave hits you!
You take 4 damage, and have 14/30 hp.
You now have 4/7 mp.
You miss the slave. You bite the slave. You drain its power.
You feel invigorated. The slave barely misses you.
You regained 2 mp, and now have 6/7 mp.
You hit the slave. You freeze the slave. You bite the slave, but do no damage.
You barely miss the slave. The slave misses you.
All of the chunks of flesh in your inventory have rotted away.
You barely miss the slave. You bite the slave, but do no damage.
The slave closely misses you.
You miss the slave. You bite the slave. You drain its power.
You feel invigorated.
You kill the slave!
That felt strangely unrewarding.
MP restored: 7
Things that are here:
an animal skin x2
Wield which item (- for none, * to show all)? (? for menu, Esc to quit)
Okay, then.
There isn't anything to butcher here.
There isn't anything to butcher here.
Wear which item (? for menu, Esc to quit)
Okay, then.
Have to go through D:2.
Continue?
Okay, then.
Things that are here:
a scimitar; 11 stones; a hunting sling You regained 8 hp, and now have 24/30 hp.
You start resting.
Health restored: 30 A rat comes into view.
You catch the helpless rat completely off-guard!
You puncture the rat! You freeze the rat.
You kill the rat!
No target in view!
You see here a rat corpse.
You butcher the rat corpse.
I - a chunk of flesh {@w0@w0}
(D) Dungeon
Where to? (Enter - D:3 @ (x,y), ? - help)
Things that are here:
a scimitar; 11 stones; a hunting sling Eating a chunk of flesh {@w0@w0}.
You eat the chunk of flesh {@w0@w0}.
Things that are here:
an animal skin x2
There is a stone staircase leading down, spattered with blood here.
You climb downwards.
Level annotation: Pikel The slave completely misses you.
Pikel hits you with a whip of freezing! Pikel freezes you. The slave hits you.
Pikel hits you with a whip of freezing. Pikel freezes you.
There is a stone staircase leading up, spattered with blood here.
You take 18 damage, and have 12/30 hp.
MASSIVE DAMAGE!!
You now have 3/7 mp.
The slave hits you. Pikel hits you with a whip of freezing.
* * * LOW HITPOINT WARNING * * *
Pikel freezes you.
* * * LOW HITPOINT WARNING * * *
The slave closely misses you.
You climb upwards.
There is a stone staircase leading down, spattered with blood here.
You take 3 damage, and have 9/30 hp.
You now have 1/7 mp.
As you read the scroll of teleportation, it crumbles to dust.
You feel strangely unstable. The slave hits you.
* * * LOW HITPOINT WARNING * * *
You hit the slave. You freeze the slave. You bite the slave, but do no damage.
You hit the slave but do no damage. The slave hits you!
* * * LOW HITPOINT WARNING * * *
You take 5 damage, and have 4/30 hp.
You puncture the slave! You freeze the slave. You bite the slave.
You drain its power.
You feel invigorated. The slave hits you!
* * * LOW HITPOINT WARNING * * *
You take 3 damage, and have 1/30 hp.
Unknown command.
You hit the slave. You freeze the slave. The slave hits you.
You die...

.................# #.........#.#.
######...####....###.###..#..#.#.
##........................#..#.#.
.................###.##...#..#.#.
.....###...##.#....#.#....#..#.#.
.....# #.####.#.K#........#..#.#.
.....# #.# #.##p###.#....#..#.##
.....# #.# #.##p# #.#....#..#.#
....####.####.##@# #.#....#..#.#
....'.......#.#### #.#....#..#.#
....#########.# #.#.#..#..#.#
........).....# #.#.#..#..#'##
......######### #.#.##........
......'..# #.###...###...
#.....##.# #.#≈≈...≈≈#...
#.....##.# #.#≈..♣..≈#...
###...##.############............


You could see Pikel and 2 slaves.

Vanquished Creatures
  2 slaves (D:3)
  Jessica (D:3)
  An orc wizard (D:3)
  Natasha (thrice) (D:2)
  6 adders
  4 oozes
  2 worms
  4 dart slugs
  7 orcs (D:3)
  3 giant cockroaches
  13 goblins
  10 hobgoblins
  4 jackals (D:3)
  4 quokkas
  A ball python (D:3)
  4 bats
  7 frilled lizards
  6 kobolds
  7 rats
89 creatures vanquished.

Notes
Turn   | Place    | Note
-------+----------+-------------------------------------------
     0 | D:1      | Gorglomux the Vine Stalker Assassin began the quest for the Orb.
     0 | D:1      | Reached XP level 1. HP: 11/11 MP: 2/2
    35 | D:1      | Reached skill level 2 in Short Blades
    35 | D:1      | Reached skill level 5 in Stealth
    57 | D:1      | Reached XP level 2. HP: 11/15 MP: 3/3
   471 | D:1      | You fall through a shaft!
   493 | D:2      | Noticed Natasha
   494 | D:2      | Reached XP level 3. HP: 18/18 MP: 4/4
   499 | D:2      | Killed Natasha
   511 | D:2      | Noticed Natasha
   512 | D:2      | Reached skill level 3 in Short Blades
   527 | D:2      | Killed Natasha
   527 | D:2      | Gained mutation: Your natural rate of healing is unusually fast. [Vine Stalker growth]
   527 | D:2      | Reached XP level 4. HP: 7/23 MP: 3/5
   582 | D:2      | Reached skill level 6 in Stealth
   654 | D:2      | Noticed Natasha
   656 | D:2      | Killed Natasha
   798 | D:2      | Reached XP level 5. HP: 26/26 MP: 6/6
  1956 | D:3      | Reached skill level 4 in Short Blades
  2107 | D:3      | Reached XP level 6. HP: 30/30 MP: 7/7
  2191 | D:3      | Found a white marble altar of Elyvilon.
  2286 | D:3      | Reached skill level 7 in Stealth
  2596 | D:3      | Noticed Jessica
  2612 | D:3      | Killed Jessica
  2847 | D:4      | Noticed Pikel
  2847 | D:4      | Noticed a slave
  2847 | D:4      | Noticed a slave
  2847 | D:4      | Noticed a slave
  2847 | D:4      | Noticed a slave
  2866 | D:3      | Killed a slave
  2881 | D:3      | Killed a slave
  2956 | D:3      | HP: 4/30 [slave[Pikel] (6)]
  2957 | D:3      | HP: 1/30 [slave[Pikel] (3)]
  2958 | D:3      | Slain by a slave

Vault maps used:
D:1:      mushboom_english_gardens
D:2:      kennysheep_generic_room_10, uniq_natasha
D:3:      elyvilon_altar_4, first_bread, uniq_jessica
D:4:      old_standard_altar, serial_shops, kennysheep_little_box, uniq_edmund,
          uniq_pikel

Skill      XL: |  1  2  3  4  5  6 |
---------------+-------------------+-----
Short Blades   | 2 3 4 |  4.5
Stealth        | 5 6 7 |  7.2
Fighting       | |  1.7
Throwing       | |  1.7
Dodging        | |  0.7

Action                   |  1- 3 |  4- 6 || total
-------------------------+-------+-------++-------
Melee: Dagger            |    38 |    28 ||    66
       Bite              |     6 |    56 ||    62
       Short sword       |       |   156 ||   156
 Fire: Blowgun           |    18 |     3 ||    21
  Use: Scroll            |       |     3 ||     3
 Stab: Sleeping          |     6 |    22 ||    28
       Distracted        |       |     2 ||     2
  Eat: Chunk             |       |     7 ||     7
Armor: Robe              |     3 |    25 ||    28
Dodge: Dodged            |    22 |   101 ||   123

Vault maps used:
D:1:      mushboom_english_gardens
D:2:      kennysheep_generic_room_10, uniq_natasha
D:3:      elyvilon_altar_4, first_bread, uniq_jessica
D:4:      old_standard_altar, serial_shops, kennysheep_little_box, uniq_edmund,
          uniq_pikel

Table legend:
 A = Turns spent in this place as a percentage of turns spent in the entire game.
 B = Non-inter-level travel turns spent in this place as a percentage of non-inter-level travel turns spent in the entire game.
 C = Inter-level travel turns spent in this place as a percentage of turns spent in this place.
 D = Turns resting spent in this place as a percentage of non-inter-level travel turns spent in this place.
 E = Turns spent auto-exploring this place as a percentage of non-inter-level travel turns spent in this place.
 F = Non-inter-level travel turns spent in this place divided by the number of levels of this place that you've seen.
                   A       B       C       D       E      F
               +-------+-------+-------+-------+-------+----------------------
         Total | 100.0 | 100.0 |   0.6 |   1.0 |   9.5 | 311.8
       Dungeon | 100.0 | 100.0 |   0.6 |   1.0 |   9.5 | 311.8
               +-------+-------+-------+-------+-------+----------------------

Table legend:
 A = Kills in this place as a percentage of kills in entire the game.
 B = Kills by you in this place as a percentage of kills by you in the entire game.
 C = Kills by friends in this place as a percentage of kills by friends in the entire game.
 D = Other kills in this place as a percentage of other kills in the entire game.
 E = Experience gained in this place as a percentage of experience gained in the entire game.
 F = Experience gained in this place divided by the number of levels of this place that you have seen.
                   A       B       C       D       E      F
               +-------+-------+-------+-------+-------+----------------------
         Total | 100.0 | 100.0 |  -nan |  -nan | 100.0 | 107.0
       Dungeon | 100.0 | 100.0 |  -nan |  -nan | 100.0 | 107.0
               +-------+-------+-------+-------+-------+----------------------
